Map: Overgrown Facility

Players

OpuS

  • Race: Protoss Protoss
  • League: Diamond
  • Spawn Location: 9:00

Sketchaphone

  • Race: Zerg Zerg
  • League: Gold
  • Spawn Location: 7:00

OPterranQQ - Winner!

  • Race: Zerg Zerg
  • Spawn Location: 1:00

Product - Winner!

  • Race: Zerg Zerg
  • Spawn Location: 3:00

VOD

Have the link to the VOD?

Description

Time

  • Played on: Jan. 20, 2019, 8:55 p.m.
  • Length: 5:17
Show
View Real Time Build Order
Export as new Build Order

OpuS Protoss 

Build Orders:  

Get SALT Encoding   

  12  0:01  Probe  
  13  0:13  Probe  
  14  0:19  Pylon  
  14  0:25  Probe  
  15  0:36  Probe  
  15  0:41  Gateway  
  16  0:44  Probe  
  17  0:51  Assimilator  
  17  0:52  Probe  
  18  1:06  Probe  
  18  1:08  Gateway  
  19  1:14  Probe  
  20  1:19  Pylon  
  20  1:31  Zealot  
  22  1:37  Cybernetics Core  
  22  1:40  Probe  
  23  1:49  Assimilator  
  23  1:52  Zealot, Probe  
  25  2:29  Pylon  
  17  2:34  Pylon  
  17  2:35  Zealot  
  10  3:20  Probe  
  10  3:32  Probe  
  11  3:44  Probe  
  12  3:52  Probe  
  12  4:00  Probe  
  13  4:05  Pylon  
  14  4:15  Probe  
  15  4:28  Probe  
  16  4:40  Probe  
  17  4:51  Stargate  
  17  4:55  Probe  
Show
View Real Time Build Order
Export as new Build Order

Sketchaphone Zerg 

Build Orders: 1 Base Baneling Bust, Pool Only 

Get SALT Encoding   

  12  0:01  Drone  
  13  0:10  Drone  
  14  0:29  Spawning Pool  
  14  0:32  Extractor  
  12  0:38  Drone  
  12  0:39  Drone  
  14  0:46  Overlord  
  14  1:08  Drone  
  14  1:10  Drone x2  
  17  1:21  Queen  
  17  1:22  Zergling x2  
  20  1:39  Spine Crawler  
  19  1:51  Baneling Nest, Zergling x2, Drone  
  20  1:59  Metabolic Boost  
  20  2:02  Zergling x2  
  20  2:07  Zergling x2  
  21  2:38  Overlord  
  21  3:05  Zergling x4, Drone x2  
  25  3:19  Baneling x3  
  25  3:28  Zergling x4  
  8  3:52  Drone  
  8  3:53  Drone x3  
  12  4:06  Zergling x2  
  12  4:18  Zergling x2  
  12  4:24  Roach Warren  
  9  4:34  Spine Crawler  
  3  4:42  Zergling x4  
  2  4:55  Zergling x4  
Show
View Real Time Build Order
Export as new Build Order

OPterranQQ Zerg - Winner!

Build Orders: Pool Only 

Get SALT Encoding   

  12  0:19  Spawning Pool  
  11  0:23  Extractor  
  11  0:25  Drone  
  11  0:35  Overlord  
  11  0:41  Drone  
  12  0:51  Drone  
  13  1:08  Zergling x2  
  13  1:09  Zergling x4  
  16  1:20  Zergling x2  
  16  1:24  Metabolic Boost  
  17  1:33  Zergling x2  
  18  1:42  Zergling x2  
  19  1:49  Queen  
  19  1:52  Drone  
  17  2:49  Spine Crawler, Zergling x6  
  18  3:20  Drone x2  
  18  3:21  Roach Warren, Zergling x6  
  21  3:35  Zergling x2  
  22  3:49  Overlord  
  20  4:18  Zergling x2  
  20  4:19  Zergling x10  
  26  4:38  Zergling x2  
  26  4:39  Zergling x2  
  27  4:56  Zergling x6  
  29  5:16  Spore Crawler x2  
Show
View Real Time Build Order
Export as new Build Order

Product Zerg - Winner!

Build Orders: Pool First 

Get SALT Encoding   

  12  0:02  Drone  
  13  0:25  Spawning Pool  
  13  0:27  Extractor  
  11  0:29  Drone  
  12  0:38  Drone  
  13  0:44  Overlord  
  13  1:12  Zergling x6  
  18  1:23  Zergling x2  
  17  1:27  Queen  
  17  1:30  Metabolic Boost  
  19  1:35  Zergling x2  
  20  1:46  Zergling x2  
  21  1:57  Zergling x2  
  22  2:13  Overlord  
  22  2:29  Zergling x2  
  22  2:30  Zergling x2  
  20  2:41  Zergling x2  
  20  2:43  Zergling x6  
  22  3:08  Overlord  
  22  3:20  Hatchery  
  21  3:37  Zergling x8  
  23  3:46  Zergling x2  
  23  3:47  Zergling x2  
  21  3:51  Zergling x2  
  21  3:57  Zergling x2  
  22  4:09  Zergling x2  
  23  4:10  Drone  
  24  4:31  Zergling x8  
  24  4:42  Overlord  
  24  4:47  Drone  
  25  4:58  Drone x2  
Tags
 
Add a new tag
Caveats
  • Supply blocks, unpowered buildings, or Contaminate may cause inaccurate times.
  • Supply counts are checked every 10 seconds.